 Dungeon Crawl Stone Soup version 0.23.2-33-g5129a83184 (webtiles) character file.

Game seed: 7434379922250793833

1062 eccles the Geomancer (level 8, -1/46 HPs)
             Began as a Gargoyle Earth Elementalist on July 8, 2019.
             Slain by an ogre
             ... wielding a +0 giant spiked club
              (31 damage)
             ... on level 7 of the Dungeon on July 11, 2019.
             The game lasted 00:41:49 (6539 turns).

eccles the Geomancer (Gargoyle Earth Elementalist)  Turns: 6539, Time: 00:41:49

Health: -1/46      AC: 10    Str: 13    XL:     8   Next: 27%
Magic:  6/17       EV: 11    Int: 17    God:
Gold:   244        SH:  0    Dex: 10    Spells: 4/19 levels left

rFire    . . .     SeeInvis .   B - +2 hand axe (freeze)
rCold    + . .     Gourm    .   (no shield)
rNeg     + . .     Faith    .   u - +0 leather armour
rPois    ∞         Spirit   .   r - +1 hat
rElec    +         Reflect  .   (no cloak)
rCorr    .         Harm     .   (no gloves)
MR       .....                  o - +0 pair of boots
Stlth    ++........             (no amulet)
HPRegen  0.15/turn              j - ring of protection from cold
MPRegen  0.15/turn              (no ring)

@: studying Earth Magic
A: negative energy resistance 1, electricity resistance, unbreathing,
petrification resistance, rot immunity, AC +5
a: no special abilities


You were on level 7 of the Dungeon.
You were not hungry.

You visited 2 branches of the dungeon, and saw 8 of its levels.
You also visited: Sewer.

You collected 244 gold pieces.

Inventory:

Hand Weapons
 a - a +1 hand axe
 b - a +0 shortbow
 g - a +0 dagger
 n - a +0 short sword
 B - a +2 hand axe of freezing (weapon)
Missiles
 t - 2 tomahawks (quivered)
 y - 85 stones
 z - 52 arrows
Armour
 c - a +0 robe
 o - a +0 pair of boots (worn)
 r - a +1 hat (worn)
 u - a +0 leather armour (worn)
Jewellery
 j - a ring of protection from cold (left hand)
Wands
 w - a wand of random effects (12)
 C - a wand of flame (4)
 I - a wand of acid (1)
Scrolls
 i - 5 scrolls of fog
 q - a scroll of teleportation
 x - 3 scrolls of remove curse
 G - 3 scrolls of magic mapping {unknown}
 J - a scroll of immolation
Potions
 e - 3 potions of invisibility
 f - a potion of mutation {unknown}
 h - 5 potions of berserk rage {unknown}
 k - 3 potions of brilliance
 l - 2 potions of magic {unknown}
 m - 3 potions of curing
 p - 4 potions of flight
 s - 2 potions of resistance {unknown}
 v - 3 potions of agility {unknown}
 D - a potion of haste {unknown}
 E - a potion of might {unknown}
 F - a potion of lignification {unknown}
Books
 A - a manual of Earth Magic
Comestibles
 d - 14 rations
 H - 2 chunks of flesh


   Skills:
 * Level 3.0 Fighting
 - Level 1.9 Dodging
 - Level 2.1 Stealth
 * Level 6.1 Spellcasting
 - Level 0.7 Transmutations
 * Level 9.5 Earth Magic


You had 4 spell levels left.
You knew the following spells:

 Your Spells              Type           Power        Failure   Level  Hunger
a - Sandblast             Erth           #####.       1%          1    None
b - Passwall              Tmut/Erth      ###.....     3%          2    None
c - Stone Arrow           Conj/Erth      ###...       7%          3    ##.....
d - Petrify               Tmut/Erth      ###.....     19%         4    ####...
e - Lee's Rapid Deconstr  Erth           #####.....   9%          5    #####..

Your spell library contained the following spells:

 Spells                   Type           Power        Failure   Level  Hunger
 Animate Skeleton         Necr           N/A          16%         1    None
 Apportation              Tloc           #.....       16%         1    None
 Confusing Touch          Hex            #.....       16%         1    None
 Summon Small Mammal      Summ           #...         16%         1    None


Dungeon Overview and Level Annotations

Branches:
Dungeon (7/15)             Temple (1/1) D:4

Altars:
Ashenzari
Dithmenos
Elyvilon
Fedhas
Gozag
Hepliaklqana
Kikubaaqudgha
Makhleb
Nemelex Xobeh
Okawaru
Qazlal
Ru
Trog
Uskayaw
Wu Jian
Xom
Yredelemnul
Zin
The Shining One
Lugonu

Annotations:
D:3 !Icebeast
D:5 frost tunnel


Innate Abilities, Weirdness & Mutations

You are resistant to torment.
Your stone body is resilient. (AC +5)
You are immune to poison.
You resist negative energy. (rN+)
You are resistant to electric shocks. (rElec)
You can survive without breathing.
You are immune to petrification.
You are immune to rotting.


Message History

You don't know that spell.
There isn't anything here!
Casting: Sandblast (safe; 1% risk of failure)
Confirm with . or Enter, or press ? or * to list all spells.
Aiming: Stone Arrow (safe; 7% risk of failure)
Press: ? - help, Shift-Dir - straight line, f - ogre
Aim: an ogre, wielding a +0 giant spiked club The stone arrow hits the ogre!
The ogre is heavily wounded.
Casting: Stone Arrow (safe; 7% risk of failure)
Confirm with . or Enter, or press ? or * to list all spells.
Aiming: Sandblast (safe; 1% risk of failure)
Press: ? - help, Shift-Dir - straight line, f/p - ogre
Aim: an ogre, wielding a +0 giant spiked club (heavily wounded)
The blast of sand hits the ogre!
The ogre is almost dead.
y - 85 stones The ogre hits you with a +0 giant spiked club!!
Ouch! That really hurt!
You die...

##........
####.
#.........
......
.........
.....##.......?
...#....o....
##.#....#....
####....##...#
.
#.....)O..#.##
.......@#####
.###....#
###.## ##


You could see an ogre.

Vanquished Creatures
  An orc warrior (D:7)
  An ogre (D:4)
  2 centaurs (D:4)
  2 scorpions (D:5)
  3 howler monkeys
  A crimson imp (D:6)
  A bullfrog skeleton (D:5)
  2 jellies
  2 orc wizards (D:6)
  Ijyb (D:3)
  An iguana (D:5)
  A worker ant (D:4)
  A river rat (D:3)
  A worker ant zombie (D:6)
  7 adders
  5 oozes
  An adder zombie (D:6)
  7 worms
  3 dart slugs
  5 leopard geckos
  12 orcs
  6 ball pythons
  15 bats
  5 giant cockroaches
  7 goblins
  11 hobgoblins
  12 jackals
  8 kobolds
  A quokka (D:5)
  12 frilled lizards
  A jackal zombie (D:5)
  A leopard gecko skeleton (D:5)
  6 rats
145 creatures vanquished.

Notes
Turn   | Place    | Note
-------+----------+-------------------------------------------
     0 | D:1      | eccles the Gargoyle Earth Elementalist began the quest for
                  | the Orb.
     0 | D:1      | Reached XP level 1. HP: 10/10 MP: 3/3
   284 | D:1      | Reached skill level 4 in Earth Magic
   284 | D:1      | Reached XP level 2. HP: 15/15 MP: 3/5
   358 | D:1      | Learned a level 2 spell: Passwall
   731 | D:1      | Reached XP level 3. HP: 16/19 MP: 6/6
  1490 | D:2      | Found a glowing silver altar of Zin.
  1813 | D:2      | Found a glowing golden altar of the Shining One.
  1846 | D:2      | Found a faded altar of an unknown god.
  1869 | D:2      | Reached XP level 4. HP: 22/24 MP: 8/8
  1874 | D:2      | Learned a level 3 spell: Stone Arrow
  1938 | D:2      | Reached skill level 1 in Fighting
  2556 | D:3      | Found a glowing drain.
  2567 | D:3      | Reached skill level 5 in Earth Magic
  2600 | Sewer    | Entered a sewer
  2603 | Sewer    | Reached XP level 5. HP: 23/29 MP: 5/9
  3687 | D:3      | Noticed Ijyb
  3732 | D:3      | Killed Ijyb
  3863 | D:3      | Found a shimmering altar of Xom.
  3863 | D:3      | Found a burning altar of Makhleb.
  3868 | D:3      | Found a sacrificial altar of Ru.
  3870 | D:3      | Found an opulent altar of Gozag.
  3871 | D:3      | Found an iron altar of Okawaru.
  3972 | D:3      | Noticed an ice beast
  4295 | D:4      | Found a staircase to the Ecumenical Temple.
  4305 | Temple   | Entered the Ecumenical Temple
  4376 | D:4      | Reached XP level 6. HP: 35/35 MP: 11/11
  4390 | D:4      | Learned a level 4 spell: Petrify
  4448 | D:4      | Reached skill level 6 in Earth Magic
  4690 | D:4      | Found a blossoming altar of Fedhas.
  5014 | D:4      | Reached skill level 7 in Earth Magic
  5014 | D:4      | Reached XP level 7. HP: 17/40 MP: 11/14
  5259 | D:5      | Entered Level 5 of the Dungeon
  5268 | D:5      | Learned a level 5 spell: Lee's Rapid Deconstruction
  5288 | D:5      | Reached skill level 5 in Spellcasting
  5310 | D:5      | Found an ancient bone altar of Kikubaaqudgha.
  5355 | D:5      | Found an ornate altar of the Wu Jian Council.
  5395 | D:5      | Found a hazy altar of Hepliaklqana.
  5483 | D:5      | Reached skill level 8 in Earth Magic
  6074 | D:6      | Reached XP level 8. HP: 29/45 MP: 11/16
  6370 | D:6      | Reached skill level 9 in Earth Magic
  6539 | D:7      | Slain by an ogre

Skill      XL: |  1  2  3  4  5  6  7  8 |
---------------+-------------------------+-----
Earth Magic    | 4 5 7 8 9 |  9.5
Fighting       | 1 2 3 |  3.0
Spellcasting   | 3 4 5 6 |  6.1
Dodging        | |  1.9
Stealth        | |  2.1
Transmutations | |  0.7

Action                   |  1- 3 |  4- 6 |  7- 9 || total
-------------------------+-------+-------+-------++-------
Melee: Unarmed           |     6 |       |       ||     6
       Hand axe          |   129 |   160 |    60 ||   349
 Cast: Sandblast         |    23 |    75 |    33 ||   131
       Stone Arrow       |       |     2 |     1 ||     3
       Passwall          |       |     1 |       ||     1
  Use: Scroll            |     4 |     5 |     4 ||    13
       Potion            |       |     1 |       ||     1
 Stab: Sleeping          |     4 |     1 |       ||     5
       Distracted        |     1 |       |       ||     1
  Eat: Chunk             |     3 |    10 |     3 ||    16
       Ration            |       |     1 |       ||     1
Armor: Robe              |    68 |    51 |       ||   119
       Leather armour    |       |    72 |    38 ||   110
Dodge: Dodged            |   106 |   194 |    35 ||   335
